General information
- name: BNet
- type: Ladder team game (AT/RT)
- host: Battle.net
- saver: COLTS-OWN-JAGS
map: Mur'gulOasis
- players: 8
- length: 28:22
- speed: Fast
- version: 1.26 W3XP
- replay type: Public
» download(219 KB)
Players
team 1 (loser)

»
zul.maran. (
pink | 75 APM | 2135 actions | 28:17)
3 Far Seer
2 Feral Spirit
1 Chain Lighting
2 Tauren Chieftain
1 War Stomp
1 Endurance Aura
3 Shadow Hunter
1 Hex
2 Healing Wave
1 Pandaren Brewmaster
1 Breath of Fire
» actions
| Assign group hotkey | 91 | |
| Basic commands | 116 | |
| Build / train | 71 | |
| ESC pressed | 5 | |
| Enter build submenu | 18 | |
| Enter hero's abilities submenu | 9 | |
| Give item / drop item | 2 | |
| Right click | 604 | |
| Select / deselect | 434 | |
| Select group hotkey | 691 | |
| Use ability | 94 | |
2135 total
» units
| Peon | 8 | |
| Grunt | 5 | |
| Troll Headhunter/Berserker | 5 | |
| Tauren | 6 | |
| Spirit Walker | 2 | |
| Rifleman | 8 | |
34 total
» upgrades
| Armor | 3 | |
| Spirit Walker Training | 2 | |
| Pulverize | 1 | |
6 total
» buildings
| Barracks | 1 | |
| War Mill | 1 | |
| Orc Burrow | 6 | |
| Altar of Storms | 1 | |
| Stronghold | 2 | |
| Voodoo Lounge | 1 | |
| Fortress | 1 | |
| Spirit Lodge | 1 | |
| Tauren Totem | 2 | |
| Great Hall | 1 | |
| Castle | 4 | |
| Town Hall | 1 | |
22 total
» build order
00:24 Barracks
00:26 War Mill
00:50 Orc Burrow
01:16 Altar of Storms
02:17 Orc Burrow
02:38 Orc Burrow
03:57 Stronghold
03:58 Stronghold
04:16 Voodoo Lounge
05:17 Orc Burrow
06:21 Fortress
07:07 Spirit Lodge
07:58 Orc Burrow
08:49 Tauren Totem
09:28 Tauren Totem
09:33 Orc Burrow
16:12 Great Hall
19:02 Castle
19:02 Castle
19:03 Castle
19:03 Castle
21:45 Town Hall
» items
| Healing Salve | 3 | |
| Scroll of Town Portal | 3 | |
6 total

»
WNxPeter (
teal | 86 APM | 2430 actions | 28:20)
5 Demon Hunter
3 Mana Burn
2 Immolation
» actions
| Assign group hotkey | 27 | |
| Basic commands | 1 | |
| Build / train | 61 | |
| Enter build submenu | 14 | |
| Enter hero's abilities submenu | 5 | |
| Give item / drop item | 1 | |
| Remove unit from queue | 1 | |
| Right click | 1052 | |
| Select / deselect | 429 | |
| Select group hotkey | 794 | |
| Use ability | 45 | |
2430 total
» units
| Wisp | 13 | |
| Archer | 11 | |
| Huntress | 4 | |
| Hippogryph | 8 | |
| Chimaera | 8 | |
| Rifleman | 1 | |
45 total
» upgrades
| Strength of the Wild | 1 | |
| Corrosive Breath | 1 | |
2 total
» buildings
| Altar of Elders | 1 | |
| Moon Well | 6 | |
| Ancient of War | 2 | |
| Hunter's Hall | 1 | |
| Tree of Ages | 1 | |
| Tree of Eternity | 1 | |
| Ancient of Wind | 1 | |
| Chimaera Roost | 1 | |
| Ancient of Wonders | 1 | |
15 total
» build order
00:07 Altar of Elders
00:19 Moon Well
00:37 Ancient of War
01:38 Moon Well
02:39 Ancient of War
03:51 Moon Well
05:09 Hunter's Hall
05:59 Tree of Ages
09:10 Tree of Eternity
10:17 Moon Well
10:19 Moon Well
10:27 Ancient of Wind
12:32 Chimaera Roost
16:17 Ancient of Wonders
20:12 Moon Well
» items
| Scroll of Town Portal | 1 | |
| Potion of Healing | 2 | |
| Orb of Venom | 1 | |
| Moonstone | 1 | |
5 total

»
Helmet (
red | 69 APM | 1085 actions | 15:36)
4 Pandaren Brewmaster
2 Breath of Fire
2 Drunken Haze
» actions
| Assign group hotkey | 26 | |
| Build / train | 54 | |
| Enter build submenu | 19 | |
| Enter hero's abilities submenu | 4 | |
| Remove unit from queue | 1 | |
| Right click | 674 | |
| Select / deselect | 141 | |
| Select group hotkey | 129 | |
| Use ability | 37 | |
1085 total
» units
» upgrades
| Gunpowder | 2 | |
| Armor | 1 | |
| Long Rifles | 1 | |
4 total
» buildings
| Altar of Kings | 1 | |
| Farm | 13 | |
| Blacksmith | 1 | |
| Barracks | 2 | |
| Scout Tower | 2 | |
| Arcane Tower | 2 | |
| Keep | 4 | |
| Arcane Vault | 1 | |
26 total
» build order
00:07 Altar of Kings
00:18 Farm
00:34 Blacksmith
00:57 Farm
02:14 Barracks
02:30 Barracks
02:55 Farm
03:11 Farm
03:12 Farm
04:10 Scout Tower
04:55 Arcane Tower
05:11 Scout Tower
05:38 Arcane Tower
06:28 Farm
06:29 Farm
06:32 Farm
06:36 Keep
06:36 Keep
07:54 Arcane Vault
08:01 Farm
09:07 Farm
09:07 Farm
09:08 Farm
09:09 Farm
» items
| Scroll of Regeneration | 1 | |
| Lesser Clarity Potion | 1 | |
2 total

»
JaCk_Le_FaRmEr9 (
purple | 48 APM | 1351 actions | 28:11)
4 Mountain King
2 Storm Bolt
2 Bash
» actions
| Assign group hotkey | 10 | |
| Basic commands | 62 | |
| Build / train | 78 | |
| Enter build submenu | 24 | |
| Enter hero's abilities submenu | 4 | |
| Remove unit from queue | 5 | |
| Right click | 609 | |
| Select / deselect | 464 | |
| Select group hotkey | 32 | |
| Use ability | 63 | |
1351 total
» units
» upgrades
| Masonry | 1 | |
| Swords | 0 | |
| Plating | 3 | |
| Gunpowder | 2 | |
| Barrage | 1 | |
7 total
» buildings
| Lumber Mill | 1 | |
| Farm | 7 | |
| Scout Tower | 3 | |
| Altar of Kings | 2 | |
| Arcane Tower | 3 | |
| Blacksmith | 1 | |
| Keep | 3 | |
| Barracks | 1 | |
| Guard Tower | 2 | |
| Castle | 2 | |
| Workshop | 4 | |
| Arcane Vault | 1 | |
| Town Hall | 2 | |
32 total
» build order
00:37 Lumber Mill
01:07 Farm
01:21 Scout Tower
01:32 Farm
01:36 Altar of Kings
01:57 Arcane Tower
02:05 Blacksmith
02:30 Farm
03:08 Farm
03:13 Keep
03:24 Barracks
03:39 Farm
03:54 Farm
04:27 Farm
04:33 Scout Tower
05:07 Guard Tower
05:42 Castle
05:43 Castle
05:48 Scout Tower
05:56 Workshop
06:01 Workshop
06:32 Arcane Tower
07:12 Workshop
08:20 Arcane Vault
18:42 Workshop
23:17 Town Hall
23:35 Town Hall
24:40 Keep
25:56 Altar of Kings
» items
| Boots of Speed | 1 | |
| Potion of Lesser Invulnerability | 1 | |
| Staff of Teleportation | 1 | |
| Potion of Healing | 5 | |
| Scroll of Regeneration | 2 | |
| Orb of Fire | 1 | |
| Scroll of Town Portal | 3 | |
14 total
team 2 (winner)
rhrhtld (
yellow | 72 APM | 2039 actions | 28:21)
6 Blademaster
1 Wind Walk
3 Critical Strike
1 Mirror Image
1 Bladestorm
5 Shadow Hunter
3 Healing Wave
2 Hex
» actions
| Assign group hotkey | 18 | |
| Basic commands | 164 | |
| Build / train | 81 | |
| ESC pressed | 9 | |
| Enter build submenu | 13 | |
| Enter hero's abilities submenu | 12 | |
| Give item / drop item | 2 | |
| Remove unit from queue | 3 | |
| Right click | 676 | |
| Select / deselect | 627 | |
| Select group hotkey | 297 | |
| Use ability | 137 | |
2039 total
» units
| Peon | 7 | |
| Troll Headhunter/Berserker | 12 | |
| Troll Batrider | 1 | |
| Kodo Beast | 3 | |
| Demolisher | 6 | |
| Wind Rider | 2 | |
31 total
» upgrades
| Ranged Weapons | 3 | |
| Troll Regeneration | 1 | |
| Berserker Strength | 1 | |
| Berserker Upgrade | 1 | |
| War Drums Damage Increase | 1 | |
| Burning Oil | 1 | |
| Envenomed Spears | 1 | |
9 total
» buildings
| Altar of Storms | 1 | |
| Orc Burrow | 6 | |
| Voodoo Lounge | 1 | |
| Barracks | 2 | |
| War Mill | 1 | |
| Stronghold | 1 | |
| Fortress | 2 | |
| Beastiary | 2 | |
16 total
» build order
00:07 Altar of Storms
00:18 Orc Burrow
00:52 Voodoo Lounge
01:26 Barracks
01:45 Orc Burrow
02:30 War Mill
03:14 Stronghold
03:36 Barracks
04:06 Orc Burrow
06:06 Fortress
06:06 Fortress
07:19 Orc Burrow
07:30 Beastiary
09:44 Orc Burrow
12:54 Orc Burrow
23:08 Beastiary
» items
| Healing Salve | 4 | |
| Lesser Clarity Potion | 1 | |
| Scroll of Speed | 2 | |
| Potion of Healing | 2 | |
| Orb of Lightning | 1 | |
| Scroll of Town Portal | 3 | |
13 total
YellowGreen (
blue | 135 APM | 3819 actions | 28:21)
5 Paladin
2 Holy Light
3 Devotion Aura
4 Blood Mage
2 Flame Strike
2 Siphon Mana
» actions
| Assign group hotkey | 47 | |
| Basic commands | 237 | |
| Build / train | 65 | |
| ESC pressed | 1 | |
| Enter build submenu | 20 | |
| Enter hero's abilities submenu | 9 | |
| Right click | 1792 | |
| Select / deselect | 445 | |
| Select group hotkey | 1102 | |
| Use ability | 101 | |
3819 total
» units
| Peasant | 12 | |
| Footman | 18 | |
| Priest | 2 | |
| Sorceress | 4 | |
36 total
» upgrades
| Defend | 1 | |
| Sorceress Training | 1 | |
2 total
» buildings
| Barracks | 1 | |
| Farm | 9 | |
| Altar of Kings | 1 | |
| Scout Tower | 4 | |
| Arcane Tower | 2 | |
| Arcane Vault | 2 | |
| Lumber Mill | 1 | |
| Guard Tower | 5 | |
| Keep | 2 | |
| Arcane Sanctum | 2 | |
| Town Hall | 1 | |
30 total
» build order
00:40 Barracks
00:48 Farm
00:50 Farm
01:00 Altar of Kings
01:40 Farm
01:47 Scout Tower
02:23 Arcane Tower
02:45 Farm
03:20 Arcane Vault
03:34 Farm
04:22 Scout Tower
04:28 Lumber Mill
04:50 Scout Tower
04:52 Scout Tower
05:03 Guard Tower
05:03 Guard Tower
05:20 Guard Tower
05:20 Guard Tower
06:09 Keep
06:43 Farm
06:43 Farm
07:19 Guard Tower
09:18 Arcane Vault
09:22 Arcane Sanctum
09:27 Arcane Sanctum
09:40 Farm
09:42 Farm
17:16 Town Hall
» items
| Scroll of Regeneration | 4 | |
| Lesser Clarity Potion | 1 | |
5 total
LuCkY2012 (
orange | 28 APM | 808 actions | 28:21)
4 Mountain King
2 Thunder Clap
2 Storm Bolt
» actions
| Assign group hotkey | 12 | |
| Build / train | 73 | |
| Enter build submenu | 24 | |
| Enter hero's abilities submenu | 4 | |
| Right click | 217 | |
| Select / deselect | 200 | |
| Select group hotkey | 199 | |
| Use ability | 79 | |
808 total
» units
| Peasant | 8 | |
| Footman | 20 | |
| Rifleman | 5 | |
| Gryphon Rider | 1 | |
| Dragonhawk Rider | 11 | |
45 total
» upgrades
| Defend | 1 | |
| Masonry | 2 | |
| Lumber Harvesting | 1 | |
| Animal War Training | 1 | |
| Storm Hammers | 1 | |
6 total
» buildings
| Altar of Kings | 2 | |
| Farm | 10 | |
| Barracks | 2 | |
| Lumber Mill | 1 | |
| Scout Tower | 6 | |
| Guard Tower | 5 | |
| Keep | 2 | |
| Arcane Vault | 1 | |
| Blacksmith | 1 | |
| Arcane Tower | 1 | |
| Castle | 1 | |
| Gryphon Aviary | 3 | |
| Town Hall | 1 | |
36 total
» build order
00:20 Altar of Kings
00:33 Farm
01:04 Barracks
01:10 Farm
01:46 Barracks
02:09 Farm
02:10 Farm
02:45 Lumber Mill
03:07 Scout Tower
03:09 Scout Tower
03:11 Scout Tower
03:12 Scout Tower
03:55 Guard Tower
04:28 Farm
04:29 Farm
04:51 Guard Tower
05:32 Guard Tower
05:33 Guard Tower
05:47 Scout Tower
05:48 Scout Tower
06:35 Guard Tower
06:37 Keep
06:47 Arcane Vault
07:17 Blacksmith
07:18 Arcane Tower
09:20 Farm
09:23 Farm
09:25 Castle
10:09 Farm
10:11 Farm
11:32 Gryphon Aviary
11:33 Gryphon Aviary
12:53 Gryphon Aviary
17:49 Town Hall
23:17 Altar of Kings
25:30 Keep
» items
| Healing Salve | 2 | |
| Scroll of Speed | 1 | |
| Lesser Clarity Potion | 4 | |
| Potion of Healing | 1 | |
8 total

»
COLTS-OWN-JAGS (
green | 47 APM | 1333 actions | 28:22)
7 Demon Hunter
3 Mana Burn
3 Evasion
1 Metamorphosis
» actions
| Assign group hotkey | 50 | |
| Basic commands | 1 | |
| Build / train | 53 | |
| Enter build submenu | 10 | |
| Enter hero's abilities submenu | 7 | |
| Give item / drop item | 2 | |
| Remove unit from queue | 1 | |
| Right click | 613 | |
| Select / deselect | 159 | |
| Select group hotkey | 395 | |
| Use ability | 41 | |
1333 total
» units
» upgrades
| Reinforced Hides | 2 | |
| Strength of the Wild | 3 | |
| Corrosive Breath | 1 | |
| Well Spring | 1 | |
7 total
» buildings
| Moon Well | 7 | |
| Altar of Elders | 1 | |
| Tree of Ages | 2 | |
| Hunter's Hall | 1 | |
| Ancient of Wonders | 1 | |
| Tree of Eternity | 2 | |
| Ancient of Wind | 1 | |
| Chimaera Roost | 3 | |
| Tree of Life | 1 | |
19 total
» build order
00:20 Moon Well
00:34 Altar of Elders
01:10 Moon Well
02:10 Tree of Ages
02:11 Tree of Ages
02:20 Moon Well
02:21 Moon Well
02:22 Moon Well
02:22 Moon Well
02:23 Moon Well
04:43 Hunter's Hall
04:46 Ancient of Wonders
04:48 Tree of Eternity
04:49 Tree of Eternity
04:51 Ancient of Wind
07:14 Chimaera Roost
07:14 Chimaera Roost
07:16 Chimaera Roost
26:52 Tree of Life
» items
| Staff of Teleportation | 1 | |
| Orb of Venom | 1 | |
| Staff of Preservation | 1 | |
| Potion of Lesser Invulnerability | 1 | |
| Scroll of Regeneration | 2 | |
| Scroll of Town Portal | 5 | |
| Potion of Healing | 1 | |
12 total
Chat log
(00:10 / All) COLTS-OWN-JAGS: pizza tonight woo hoo
(00:23 / Allies) LuCkY2012: same here
(00:48 / All) COLTS-OWN-JAGS: why is it socially acceptable for men to be overweight but not women
(01:00 / All) zul.maran.: u need to be traned
(01:04 / All) zul.maran.: u need to do traning
(01:16 / All) COLTS-OWN-JAGS: what lolz
(01:25 / All) zul.maran.: dont be scared homie
(01:26 / All) LuCkY2012: ta guele innocent
(01:32 / All) zul.maran.: LOL
(01:51 / All) zul.maran.: t qui to
(01:52 / All) zul.maran.: Toe
(03:40 / Allies) LuCkY2012: come green
(04:36 / Allies) YellowGreen: help
(07:04 / Allies) LuCkY2012: counter
(07:21 / Allies) COLTS-OWN-JAGS: wood?
(14:48 / Allies) rhrhtld: foot
(14:51 / Allies) rhrhtld: blue
(15:48 / All) COLTS-OWN-JAGS: no idea why he left lolz
(15:50 / Allies) rhrhtld: foot
(15:50 / All) zul.maran.: damn
(15:54 / All) zul.maran.: cauz we got bad team
(15:59 / All) COLTS-OWN-JAGS: ur winning tho
(16:05 / All) zul.maran.: we dont
(16:34 / Allies) YellowGreen: 1
(16:37 / Allies) YellowGreen: 100 gold plz
(16:59 / Allies) LuCkY2012: yellow get tauren
(17:00 / All) zul.maran.: the guy had no hero
(17:09 / All) COLTS-OWN-JAGS: who
(19:09 / Allies) LuCkY2012: kill is expo
(19:11 / Allies) LuCkY2012: chim
(19:20 / Allies) COLTS-OWN-JAGS: what expo
(19:23 / All) zul.maran.: colts u suck
(19:29 / All) COLTS-OWN-JAGS: im no tevne trying lolz
(19:41 / Allies) LuCkY2012: kill shaman
(19:44 / Allies) LuCkY2012: they rez
(20:26 / Allies) LuCkY2012: help him
(20:41 / Allies) LuCkY2012: tp
(21:11 / All) zul.maran.: Gg
(21:12 / All) zul.maran.: we lose
(21:20 / All) zul.maran.: cauz fukign noob team
(21:21 / All) zul.maran.: who tank
(21:23 / All) zul.maran.: lol
(21:38 / All) COLTS-OWN-JAGS: ok buy
(21:56 / All) COLTS-OWN-JAGS: you've said "GG" twice now
(24:37 / Allies) LuCkY2012: green get hippo
(25:39 / Allies) YellowGreen: dh
(26:41 / Allies) LuCkY2012: stay all together
(27:15 / Allies) LuCkY2012: my have other expo
(27:32 / Allies) LuCkY2012: go
(28:06 / All) JaCk_Le_FaRmEr9: >Gg
(28:09 / All) COLTS-OWN-JAGS: lolz
(28:18 / All) COLTS-OWN-JAGS: pink why didnt u leave